 Dungeon Crawl Stone Soup version 0.27.1-4-g1640c2035a (webtiles) character file.

Game seed: 6955832379501972202

20 Descartes the Ducker (level 2, -3/13 HPs)
             Began as a Felid Wanderer on Nov 1, 2021.
             Slain by Natasha (8 damage)
             ... on level 2 of the Dungeon.
             The game lasted 00:01:40 (928 turns).

Descartes the Ducker (Felid Wanderer)                Turns: 928, Time: 00:01:40

Health: -3/13      AC:  1    Str:  7    XL:     2   Next: 58%
Magic:  0/3        EV: 20    Int: 14    God:
Gold:   10         SH:  0    Dex: 21    Spells: 1/1 levels left
                                        Lives:  0   Deaths: 0

rFire    . . .     SeeInvis +     - Unarmed
rCold    + . .     Faith    .   (shield unavailable)
rNeg     . . .     Spirit   +   (armour unavailable)
rPois    .         Reflect  .   (helmet unavailable)
rElec    .         Harm     .   (cloak unavailable)
rCorr    .         Rampage  .   (gloves unavailable)
Will     .....                  (boots unavailable)
Stlth    +++.......             g - amulet of guardian spirit
HPRegen  0.04/turn              i - ring of protection from cold
MPRegen  0.08/turn              h - +6 ring of dexterity

@: slowed, slow
A: very small, claws 1, fangs 3, see invisible, speed 1, shaggy fur 1, stealthy
paws, no weapons or thrown items, no armour, multi-lived
a: no special abilities


You were on level 2 of the Dungeon.
You visited 1 branch of the dungeon, and saw 2 of its levels.

You collected 10 gold pieces.

Inventory:

Jewellery
 d - a ring of positive energy
 g - an amulet of guardian spirit (around neck)
 h - a +6 ring of dexterity (right paw)
 i - a ring of protection from cold (left paw)
Scrolls
 f - a scroll of identify {unknown}
 j - a scroll of teleportation {unknown}
Potions
 a - a potion of haste
 b - a potion of lignification
 c - 2 potions of curing
 e - a potion of berserk rage {unknown}


   Skills:
 + Level 2.2 Fighting
 + Level 4.3 Dodging
 + Level 4.3 Stealth
 + Level 2.3 Unarmed Combat
 + Level 0.3 Spellcasting


You had one spell level left.
You didn't know any spells.
Your spell library contained the following spells:

 Spells                   Type           Power      Damage    Failure   Level
 Summon Small Mammal      Summ           0%         N/A       28%         1
 Call Canine Familiar     Summ           0%         N/A       63%         3
 Summon Guardian Golem    Hex/Summ       0%         N/A       63%         3


Dungeon Overview and Level Annotations

Branches:
Dungeon (1/15)

Altars:

Annotations:
D:2 Natasha


Innate Abilities, Weirdness & Mutations

You have sharp claws.
You have razor-sharp teeth.
You have supernaturally acute eyesight. (SInv)
You cover ground quickly. (Speed+)
You are covered in fur. (AC +1)
Your paws help you pounce on unaware monsters.
You are incapable of wielding weapons or throwing items.
You cannot wear armour.
You gain extra lives every three experience levels.


Message History

No target in view!
No target in view!
Found a robe.
No target in view!
Found 10 gold pieces and a potion of curing.
No target in view!
Found a stone staircase leading down.
Found 16 stones.
You now have 10 gold pieces.
c - 2 potions of curing (gained 1)
You fall into a shaft and drop 1 floor!
The shaft crumbles and collapses.
Natasha, Servant of Life and Death comes into view.
Natasha hisses angrily.
You scratch Natasha.
Natasha is lightly wounded.
Natasha misses you.
You closely miss Natasha. You bite Natasha.
Natasha is moderately wounded.
Natasha casts a spell at you.
You feel yourself slow down.
You closely miss Natasha. You bite Natasha.
Natasha is moderately wounded.
Natasha claws you. Natasha closely misses you.
You scratch Natasha.
Natasha is severely wounded.
Natasha mumbles some strange words.
Natasha shimmers violently.
Natasha mumbles some strange words.
Unknown command.
Unknown command.
You scratch Natasha but do no damage.
Natasha is severely wounded.
Natasha stares at you and mumbles some strange words.
The magic dart hits you.
The crimson imp blinks!
Natasha closely misses you.
You scratch Natasha but do no damage.
Natasha is severely wounded.
The crimson imp hits you. Natasha claws you!
Ouch! That really hurt!
You die...

#. ... .#
#.# .. #..
#.##.######.
#..#........
#.........
#...h5.#
##@#.##
#.....#
#.....#
#.....#
##.#.##
#.#...
#.####. ...
.. #.# .


You could see Natasha and a crimson imp (summoned).

Vanquished Creatures
  A dart slug (D:1)
  A ball python (D:1)
  A bat (D:1)
  2 endoplasms (D:1)
  A giant cockroach (D:1)
  A goblin (D:1)
  2 hobgoblins (D:1)
  3 quokkas (D:1)
  3 rats (D:1)
15 creatures vanquished.

Notes
Turn   | Place    | Note
-------+----------+-------------------------------------------
     0 | D:1      | Descartes the Felid Wanderer began the quest for the Orb.
     0 | D:1      | Descartes set off with the following items: a potion of
                  | haste, a potion of lignification, a potion of curing
     0 | D:1      | Reached XP level 1. HP: 9/9 MP: 2/2
   253 | D:1      | Reached XP level 2. HP: 13/13 MP: 3/3
   920 | D:1      | You fall into a shaft and drop 1 floor!
   920 | D:2      | Noticed Natasha
   927 | D:2      | Noticed a crimson imp
   928 | D:2      | Slain by Natasha

Illustrated notes

Levels and vault maps discovered:
D:1:      sevenhm_arrival_forest_fort_small_6, layout_basic
D:2:      layout_basic, basic_altar, hellmonk_ecumenical_altar_prayer_group,
          uniq_natasha

Action                   || total
-------------------------++-------
Melee: Unarmed           ||    55
       Bite              ||     7
       Punch             ||     1
 Stab: Sleeping          ||     3
Armor: Skin              ||     5
Dodge: Dodged            ||    35
